 Dungeon Crawl Stone Soup version 0.30-a0-557-ge2afbf3030 (webtiles) character file.

Game seed: 10315457694795117154

8994 bmack86 the Cleaver (level 11, -8/97 HPs)
             Began as a Minotaur Fighter on Dec 28, 2022.
             Was a Priest of Okawaru.
             Mangled by a skeletal warrior
             ... wielding a +0 battleaxe
              (15 damage)
             ... on level 10 of the Dungeon.
             The game lasted 00:33:23 (8828 turns).

bmack86 the Cleaver (Minotaur Fighter)              Turns: 8828, Time: 00:33:24

Health: -8/97      AC: 23    Str: 25    XL:     11   Next: 17%
Magic:  9/10       EV:  8    Int:  5    God:    Okawaru [***...]
Gold:   97         SH: 14    Dex: 10    Spells: 10/10 levels left

rFire   . . .      SeeInvis .    r - +0 broad axe
rCold   . . .      Faith    .    e - +2 kite shield
rNeg    + . .      Spirit   .    H - +3 plate armour
rPois   .          Reflect  .    (helmet restricted)
rElec   .          Harm     .    (no cloak)
rCorr   .          Rampage  .    (no gloves)
Will    .....                    I - +2 pair of boots Stlth
                                 (no amulet)
HPRegen 0.36/turn                f - ring of flight
MPRegen 0.12/turn                i - ring of positive energy

@: heroic, flying
A: horns 2, retaliatory headbutt
a: Renounce Religion, Heroism


You were on level 10 of the Dungeon.
You worshipped Okawaru.
Okawaru was most pleased with you.
You visited 2 branches of the dungeon, and saw 11 of its levels.

You collected 457 gold pieces.
You spent 360 gold pieces at shops.

Inventory:

Hand Weapons
 r - a +0 broad axe (weapon)
 F - a +0 mace
Missiles
 o - 3 throwing nets
 s - 4 atropa-tipped darts
 w - 24 poisoned darts (quivered)
 A - 11 curare-tipped darts
Armour
 e - a +2 kite shield (worn)
 n - the +1 chain mail of the Candlemaker {rN+ Regen+ Stlth+}
   (You found it on level 3 of the Dungeon)

   rN:        It protects you from negative energy.
   Regen:     It increases your rate of health regeneration.
   Stlth:     It makes you more stealthy.
 H - a +3 plate armour (worn)
 I - a +2 pair of boots (worn)
Jewellery
 f - a ring of flight (left hand)
 i - a ring of positive energy (right hand)
 B - a +6 ring of intelligence
 C - a ring of resist corrosion
Wands
 c - a wand of flame (39)
 m - a wand of paralysis (15)
 y - a wand of iceblast (3)
Scrolls
 a - a scroll of magic mapping
 b - a scroll of fog
 l - 6 scrolls of teleportation
 x - a scroll of amnesia
 D - a scroll of enchant weapon {unknown}
 G - a scroll of blinking
Potions
 d - a potion of might
 g - 3 potions of mutation
 h - 2 potions of lignification
 j - 3 potions of flight
 k - 2 potions of magic {unknown}
 p - 4 potions of curing
 q - a potion of heal wounds
 t - 2 potions of attraction
 u - a potion of invisibility {unknown}
 v - a potion of cancellation {unknown}
 z - 4 potions of brilliance {unknown}
 E - a potion of degeneration {unknown}


   Skills:
 + Level 9.3(14.3) Fighting
 * Level 12.1(17.1) Axes
 + Level 4.6(9.6) Throwing
 + Level 9.3(14.3) Armour
 + Level 9.4(14.4) Shields
 + Level 4.7 Evocations


You had 10 spell levels left.
You didn't know any spells.
Your spell library contained the following spells:

 Spells                   Type           Power      Damage    Failure   Level
 Foxfire                  Conj/Fire      0%         2x1d4     100%        1
 Dazzling Flash           Conj/Hex       0%         N/A       100%        3
 Portal Projectile        Hex/Tloc       0%         N/A       100%        3
 Iskenderun's Mystic Bla  Conj/Tloc      0%         2d3       100%        4
 Leda's Liquefaction      Hex/Erth       0%         N/A       100%        4
 Agony                    Necr           0%         N/A       100%        5
 Blade Hands              Tmut           0%         N/A       100%        5
 Fireball                 Conj/Fire      0%         3d3       100%        5
 Lee's Rapid Deconstruct  Erth           0%         3d4*      100%        5
 Silence                  Hex/Air        0%         N/A       100%        5
 Starburst                Conj/Fire      0%         6d3       100%        6
 Statue Form              Tmut/Erth      0%         N/A       100%        6
 Tukima's Dance           Hex            Unusable   N/A       N/A         3

Dungeon Overview and Level Annotations

Branches:
Dungeon (10/15)            Temple (1/1) D:4            Lair (0/5) D:8
    Orc: D:9-12

Altars:
Ashenzari
Cheibriados
Dithmenos
Elyvilon
Fedhas
Gozag
Kikubaaqudgha
Makhleb
Okawaru
Qazlal
Ru
Sif Muna
Uskayaw
Vehumet
Wu Jian
Xom
Yredelemnul
The Shining One

Shops:
D:4 =!:[(   D:6 *


Innate Abilities, Weirdness & Mutations

You have a pair of horns on your head.
You reflexively headbutt those who attack you in melee.


Message History

You hit the skeletal warrior.
Your headbutt misses the skeletal warrior.
The skeletal warrior is heavily damaged.
You closely miss the skeletal warrior. You slash the skeletal warrior!
The skeletal warrior hits you with a +0 battleaxe!!
You block the skeletal warrior's attack. x2
You hit the skeletal warrior.
Your headbutt misses the skeletal warrior.
The skeletal warrior is severely damaged.
You closely miss the skeletal warrior. You slash the skeletal warrior!
You hit the skeletal warrior but do no damage.
The skeletal warrior is severely damaged.
You barely miss the skeletal warrior. You hit the skeletal warrior.
You block the skeletal warrior's attack.
The skeletal warrior hits you with a +0 flail.
You block the skeletal warrior's attack.
You hit the skeletal warrior but do no damage.
The skeletal warrior is severely damaged.
You slash the skeletal warrior! You barely miss the skeletal warrior.
The skeletal warrior hits you with a +0 battleaxe!
You block the skeletal warrior's attack.
The skeletal warrior hits you but does no damage.
You slash the skeletal warrior!
The skeletal warrior is almost destroyed.
You slash the skeletal warrior! x2
You block the skeletal warrior's attack.
The skeletal warrior hits you with a +0 flail.
* * * LOW HITPOINT WARNING * * *
The skeletal warrior hits you with a +0 battleaxe!
* * * LOW HITPOINT WARNING * * *
You slice the skeletal warrior!!
You destroy the skeletal warrior!
Okawaru is honoured by your kill.
You hit the skeletal warrior.
You hit the skeletal warrior but do no damage.
The skeletal warrior hits you with a +0 battleaxe.
* * * LOW HITPOINT WARNING * * *
You block the skeletal warrior's attack.
The skeletal warrior hits you with a +0 battleaxe!
You die...

#..
+###...#.#######..##
.......#.#.....#...#
.......#.#.....#...+
.......#.'.....#...#
.......#.#.....#...#
.......#.#.....#...####
.......#.#.###'#z.....#
.......'.#.#....@.....#
.......#.###....z.....#
#......#..............#
#......################
#....†......)........
#.....<........###...
#......†.......#
#..............#
#..............#


You could see 2 skeletal warriors.

Vanquished Creatures
  A two-headed ogre (D:9)
  A skeletal warrior (D:10)
  Pikel (D:4)
  A gargoyle (D:6)
  2 trolls
  2 wyverns (D:7)
  A vampire (D:9)
  Sigmund (D:5)
  2 wraiths (D:10)
  4 yaks (D:10)
  4 steam dragons
  Edmund (D:5)
  5 water moccasins
  2 sky beasts
  3 ice beasts
  5 orc warriors
  2 ogres
  3 centaurs
  3 wolves (D:8)
  3 phantoms
  The ghost of lotum the Insei, an amateur OpTm (D:3)
  4 lemures (D:4)
  2 kobold brigands
  3 scorpions
  3 bullfrogs
  2 necrophages
  3 gnoll sergeants
  4 wights (D:8)
  A killer bee (D:5)
  3 electric eels (D:8)
  6 hounds
  A jelly (D:4)
  5 orc priests
  3 iguanas
  15 orc wizards
  15 gnolls
  A river rat (D:3)
  6 adders
  A shadow imp (D:7)
  A white imp (D:7)
  An ufetubus (D:5)
  5 worms
  A dart slug (D:4)
  36 orcs
  6 ball pythons
  3 bats
  5 endoplasms
  3 giant cockroaches
  2 goblins
  5 hobgoblins
  3 quokkas
  2 frilled lizards (D:1)
  16 kobolds
  5 rats
220 creatures vanquished.

Vanquished Creatures (others)
  An orc (D:6)
  2 plants (D:5)
3 creatures vanquished.

Grand Total: 223 creatures vanquished

Notes
Turn   | Place    | Note
-------+----------+-------------------------------------------
     0 | D:1      | bmack86 the Minotaur Fighter began the quest for the Orb.
     0 | D:1      | Reached XP level 1. HP: 19/19 MP: 0/0
   297 | D:1      | Reached XP level 2. HP: 27/27 MP: 1/1
   856 | D:1      | Reached skill level 3 in Axes
  1191 | D:2      | Found a blossoming altar of Fedhas.
  1517 | D:2      | Found a faded altar of an unknown god.
  1720 | D:3      | Reached XP level 3. HP: 30/33 MP: 2/2
  1772 | D:3      | Found a sacrificial altar of Ru.
  1784 | D:3      | Found a shadowy altar of Dithmenos.
  1844 | D:3      | Found a broken altar of Ashenzari.
  1915 | D:3      | Reached XP level 4. HP: 5/40 MP: 3/3
  2091 | D:3      | Identified the +2 falchion of the Fortifying Sybil {freeze,
                  | Dex+5}
  2378 | D:3      | Found a runed translucent door.
  2380 | D:3      | Noticed lotum's ghost (amateur OpTm)
  2402 | D:3      | Killed lotum's ghost
  2403 | D:3      | Reached skill level 4 in Axes
  2403 | D:3      | Reached XP level 5. HP: 36/47 MP: 4/4
  2417 | D:3      | Found a runed translucent door.
  2419 | D:3      | Identified the +1 chain mail of the Candlemaker {rN+ Regen+
                  | Stlth+}
  2844 | D:4      | Found Sefiol's Distillery.
  2901 | D:4      | Found Wecveeps's Book Shoppe.
  2947 | D:4      | Noticed a phantom
  2957 | D:4      | Killed a phantom
  2958 | D:4      | Reached skill level 5 in Axes
  2958 | D:4      | Reached XP level 6. HP: 49/55 MP: 5/5
  3001 | D:4      | Found a staircase to the Ecumenical Temple.
  3007 | Temple   | Entered the Ecumenical Temple
  3013 | Temple   | Became a worshipper of Warmaster Okawaru
  3054 | D:4      | Found Xinoapur's Jewellery Emporium.
  3183 | D:4      | Reached skill level 5 in Shields
  3307 | D:4      | Found a burning altar of Makhleb.
  3323 | D:4      | Reached skill level 5 in Armour
  3402 | D:4      | Found Laorchyo's Antique Weapon Emporium.
  3408 | D:4      | Bought a broad axe for 128 gold pieces
  3412 | D:4      | Noticed Pikel
  3419 | D:4      | Killed Pikel
  3420 | D:4      | Reached skill level 5 in Fighting
  3420 | D:4      | Reached skill level 6 in Axes
  3420 | D:4      | Reached XP level 7. HP: 17/62 MP: 6/6
  3487 | D:4      | Found a white marble altar of Elyvilon.
  3487 | D:4      | Found a shimmering altar of Xom.
  3494 | D:4      | Found Yvaew's Antique Armour Shoppe.
  3600 | D:4      | Found a basalt altar of Yredelemnul.
  3827 | D:5      | Entered Level 5 of the Dungeon
  3832 | D:5      | Reached skill level 7 in Axes
  3875 | D:5      | Reached XP level 8. HP: 65/70 MP: 7/7
  3920 | D:5      | Reached * piety under Okawaru
  4174 | D:5      | Noticed Sigmund
  4186 | D:5      | Killed Sigmund
  4187 | D:5      | Reached skill level 8 in Axes
  4220 | D:5      | Noticed Edmund
  4237 | D:5      | Killed Edmund
  4309 | D:5      | Reached skill level 1 in Evocations
  4589 | D:6      | Found Reqev's Mass Market.
  4796 | D:6      | Reached skill level 9 in Axes
  4873 | D:6      | Found a radiant altar of Vehumet.
  4894 | D:6      | Reached XP level 9. HP: 77/79 MP: 8/8
  4951 | D:6      | Noticed a gargoyle
  4965 | D:6      | Killed a gargoyle
  4966 | D:6      | Reached skill level 1 in Throwing
  5118 | D:6      | Found a stormy altar of Qazlal.
  5574 | D:7      | Reached ** piety under Okawaru
  5575 | D:7      | Reached skill level 10 in Axes
  5692 | D:7      | Reached XP level 10. HP: 20/88 MP: 9/9
  5893 | D:7      | Found a glowing golden altar of the Shining One.
  6252 | D:8      | Found a snail-covered altar of Cheibriados.
  6705 | D:8      | Reached skill level 11 in Axes
  6779 | D:8      | Found an opulent altar of Gozag.
  6959 | D:8      | Reached *** piety under Okawaru
  6981 | D:8      | Found a staircase to the Lair.
  7707 | D:9      | Noticed a two-headed ogre
  7717 | D:9      | Killed a two-headed ogre
  7916 | D:4      | Bought a pair of embroidered boots for 232 gold pieces
  8336 | D:10     | Entered Level 10 of the Dungeon
  8607 | D:10     | Reached XP level 11. HP: 88/97 MP: 10/10
  8755 | D:10     | Reached skill level 12 in Axes
  8814 | D:10     | Noticed a skeletal warrior
  8815 | D:10     | Noticed a skeletal warrior
  8815 | D:10     | Noticed a skeletal warrior
  8827 | D:10     | Killed a skeletal warrior
  8828 | D:10     | Mangled by a skeletal warrior

Illustrated notes

Levels and vault maps discovered:
D:1:      erik_arrival_triangle_huge, layout_basic
D:2:      layout_loops_ring, basic_altar, hellmonk_ecumenical_altar_arch_garden
D:3:      layout_loops_ring, nicolae_dithmenos_the_darkroom,
          mainiacjoe_overflow_alcove_4, mainiacjoe_overflow_boulevard,
          ebering_ghost_sewer_f, chequers_serial_rivers_small_3,
          nicolae_eternal_life
D:4:      layout_cave_pods, lemuel_tele_altar,
          chequers_temple_overflow_statue_of_worship, makhleb_heckhound_becter,
          minmay_temple_entry_hall, serial_shops, shop, shop,
          kennysheep_little_box, shop, shop, hangedman_decor_lopped, uniq_pikel
D:5:      cheibrodos_two_vegetables, layout_rooms, sigmund_edmund_badplayer
D:6:      layout_loops_ring, mainiacjoe_overflow_six_doors_small,
          lemuel_doored_altar, nicolae_concentric_dashed_squares_mild,
          minmay_shop_mass, kennysheep_generic_room_13
D:7:      layout_rooms, old_standard_altar
D:8:      layout_gridville, mainiacjoe_overflow_small_starburst,
          mainiacjoe_overflow_chevrons, erik_lair_island,
          serial_co_window_serial, co_window_paths_b,
          co_window_of_opportunity_a, co_window_paths_b, co_window_paths_a,
          co_window_corner_a, co_window_2corner, co_window_2corner,
          co_window_corner_cb, glass_columns_a, glass_columns_b,
          glass_columns_a, glass_columns_c, glass_columns_a
D:9:      layout_roguey, minmay_stone_trees_large
D:10:     layout_irregular_city
Temple:   nicolae_temple_bog_church

Skill      XL: |  1  2  3  4  5  6  7  8  9 10 11 |
---------------+----------------------------------+-----
Axes           | 3 4 5 6 7 9 10 11 12 | 12.1
Fighting       | 4 5 6 7 8 9 |  9.3
Shields        | 4 5 6 7 8 9 |  9.4
Armour         | 4 5 6 7 8 9 |  9.3
Evocations     | 1 3 4 |  4.7
Throwing       | 2 4 |  4.6

Action                   |  1- 3 |  4- 6 |  7- 9 | 10-12 || total
-------------------------+-------+-------+-------+-------++-------
Melee: War axe           |    95 |   100 |   200 |       ||   395
       Headbutt          |     6 |    14 |    50 |    36 ||   106
       Broad axe         |       |       |    58 |   209 ||   267
Throw: Dart              |       |       |       |     2 ||     2
Invok: Heroism           |       |       |    10 |    10 ||    20
  Use: Scroll            |     5 |     3 |     7 |     4 ||    19
       Potion            |       |     1 |     1 |       ||     2
Armor: Scale mail        |    58 |    14 |       |       ||    72
       Chain mail        |       |    42 |   141 |   120 ||   303
       Plate armour      |       |       |       |    41 ||    41
Dodge: Dodged            |    38 |    40 |    49 |    85 ||   212
Block: Buckler           |    22 |       |       |       ||    22
       Kite shield       |     8 |    68 |   164 |   193 ||   433

Table legend: (Time is in decaauts)
 A = Elapsed time spent in this place.
 B = Non-inter-level travel time spent in this place.
 C = Inter-level travel time spent in this place.
 D = Time resting spent in this place.
 E = Time spent auto-exploring this place.
 F = Levels seen in this place.
 G = Mean time per level.
                   A        B        C        D        E       F      G
               +--------+--------+--------+--------+--------+-----+--------+
         Total |   8973 |   8393 |    580 |    531 |   3970 |  11 |  815.7 |
       Dungeon |   8956 |   8376 |    580 |    531 |   3970 |  10 |  895.6 |
        Temple |     16 |     16 |      0 |      0 |      0 |   1 |   16.0 |
               +--------+--------+--------+--------+--------+-----+--------+

Top non-repeatable levels by time:
     D:4: 1192 daAuts
     D:8: 1172 daAuts
     D:3: 1143 daAuts
     D:1: 1006 daAuts
     D:6: 949 daAuts
     D:5: 891 daAuts
     D:9: 716 daAuts
     D:7: 710 daAuts
     D:2: 679 daAuts
    D:10: 491 daAuts
  Temple: 16 daAuts
